 Dungeon Crawl Stone Soup version 0.22.0-76-g6cd1571672 (webtiles) character file.

5689 LLavrengius the Basher (level 10, -4/56 HPs)
             Began as a Gargoyle Fighter on Sept 16, 2018.
             Was an Elder of Hepliaklqana.
             Killed by divine providence
             ... invoked by an orc priest
              (12 damage)
             ... on level 10 of the Dungeon.
             The game lasted 00:33:28 (7913 turns).

LLavrengius the Basher (Gargoyle Fighter)           Turns: 7913, Time: 00:33:29

Health: -4/56      AC: 21    Str: 18    XL:     10   Next: 75%
Magic:  10/10      EV:  6    Int: 14    God:    Hepliaklqana [****..]
Gold:   180        SH: 11    Dex:  9    Spells: 9/9 levels left

rFire    . . .     SeeInvis .   H - +6 club
rCold    . . .     Gourm    .   c - +0 shield
rNeg     + + +     Faith    .   L - +0 chain mail
rPois    ∞         Spirit   .   (no helmet)
rElec    +         Reflect  .   R - +1 cloak of a volcano {rN++ Str-5 Int+5}
rCorr    .         Harm     .   g - +2 pair of gloves
MR       .....                  (no boots)
Stlth    ..........             (no amulet)
HPRegen  0.18/turn              k - ring of flight
MPRegen  0.12/turn              u - ring of wizardry

@: no status effects
A: reduced essence, negative energy resistance 1, electricity resistance,
unbreathing, petrification resistance, rot immunity, AC +7
a: Recall Ancestor, Ancestor Identity, Transference, Idealise, Renounce
Religion, Evoke Flight


You were on level 10 of the Dungeon.
You worshipped Hepliaklqana.
Hepliaklqana was greatly pleased with you.
You were hungry.

You visited 1 branch of the dungeon, and saw 10 of its levels.

You collected 427 gold pieces.
You spent 247 gold pieces at shops.

Inventory:

Hand Weapons
 a - a +1 flail
 w - a +0 blowgun
 H - a +6 club (weapon)
 M - a +2 whip of flaming
 O - the +3 mace of Spite {freeze, rPois rC- MR++ MP+9}
   (You found it on level 7 of the Dungeon)

   It has been specially enchanted to freeze those struck by it, causing extra
   injury to most foes and up to half again as much damage against particularly
   susceptible opponents.
   It can also slow down cold-blooded creatures.
   It makes you vulnerable to cold.
   It protects you from poison.
   It affects your resistance to hostile enchantments.
   It affects your magic capacity (+9).
Missiles
 j - 267 stones (quivered)
 p - 59 sling bullets
 r - 16 bolts
 x - 35 poisoned needles
 y - 153 arrows
Armour
 b - a +0 scale mail
 c - a +0 shield (worn)
 g - a +2 pair of gloves (worn)
 z - a +0 cloak
 C - a scarf of cloud immunity
 L - a +0 chain mail (worn)
 R - the +1 cloak of a volcano (worn) {rN++ Str-5 Int+5}
   (You bought it in a shop on level 8 of the Dungeon)

   It affects your strength (-5).
   It affects your intelligence (+5).
   It greatly protects you from negative energy.
Jewellery
 k - a ring of flight (left hand)
 m - an uncursed ring of fire
 u - a ring of wizardry (right hand)
Wands
 q - a wand of polymorph (18)
 I - a wand of random effects (23)
 Q - a wand of paralysis (14)
Scrolls
 h - 4 scrolls of enchant weapon
 o - a scroll of summoning {unknown}
 s - 9 scrolls of remove curse
 D - a scroll of amnesia {unknown}
 E - a scroll of immolation
 G - a scroll of fear {unknown}
 J - a scroll of fog {unknown}
 K - 3 scrolls of teleportation {unknown}
 T - a scroll of enchant armour {unknown}
Potions
 d - a potion of might
 e - 2 potions of curing
 l - 2 potions of haste
 n - a potion of invisibility
 t - 3 potions of agility
 A - 2 potions of heal wounds
 B - 4 potions of brilliance
 P - a potion of ambrosia
 S - a potion of berserk rage
Comestibles
 f - 13 rations
 i - a chunk of flesh


   Skills:
 - Level 7.0 Fighting
 * Level 12.0 Maces & Flails
 - Level 3.2 Armour
 + Level 9.9 Shields


You had 9 spell levels left.
You didn't know any spells.
Your spell library contained the following spells:

 Spells                   Type           Power        Failure   Level  Hunger
 Magic Dart               Conj           #...         95%         1    ##.....
 Searing Ray              Conj           #.....       98%         2    ###....
 Dazzling Spray           Conj/Hex       #.....       100%        3    ####...
 Force Lance              Conj/Tloc      #.......     100%        4    #####..
 Fulminant Prism          Conj/Hex       #.........   100%        4    #####..
 Iskenderun's Mystic Bla  Conj           #.......     100%        4    #####..


Dungeon Overview and Level Annotations

Branches:
Dungeon (10/15)            Temple (0/1) D:7
   Lair: D:8-11         Orc: D:9-12

Altars:
Cheibriados
Elyvilon
Hepliaklqana
Nemelex Xobeh
Qazlal
Ru

Shops:
D:5 }   D:8 *

Annotations:
D:8 3 runed doors, Azzok's ghost, novice DsFi


Innate Abilities, Weirdness & Mutations

You are resistant to torment.
Your stone body is resilient. (AC +7)
You are immune to poison.
You resist negative energy. (rN+)
You are resistant to electric shocks. (rElec)
You can survive without breathing.
You are immune to petrification.
You are immune to rotting.
Your life essence is reduced to manifest your ancestor. (-10% HP)


Message History

The orc wizard hits you but does no damage.
Your chain mail prevents you from hitting the orc wizard.
The orc wizard is heavily wounded.
The orc wizard casts a spell at you. The magic dart hits you!
* * * LOW HITPOINT WARNING * * *
The centaur shoots an arrow.
You block the arrow.
Si-Tayit hits the orc wizard with a quarterstaff!
The orc wizard dies!
The centaur shoots an arrow.
You block the arrow.
Things that are here:
an arrow; a dagger; a robe An orc priest comes into view.
The centaur shoots an arrow.
The arrow hits you.
* * * LOW HITPOINT WARNING * * *
There is a stone staircase leading up here.
You see here an arrow.
The orc priest invokes the aid of Beogh against you.
Beogh smites you!
You die...

#.. ... #..
..... .. ..:.
####% o.# #
#..#.####'###..
#....).R.......
#....[.c.......
#....((....##.
##..###@...# #.
##+### #


You could see the friendly Si-Tayit the battlemage, a centaur and an orc priest.

Vanquished Creatures
  Pikel (D:7)
  A hornet (D:8)
  Grinder (D:4)
  Sigmund (D:3)
  A yak (D:7)
  Duvessa (D:7)
  An orc warrior (D:6)
  Purgy (D:3)
  An ice beast (D:7)
  A phantom (D:5)
  4 ogres
  2 centaurs
  A crocodile (D:9)
  7 big kobolds
  A bullfrog (D:10)
  Dowan (D:7)
  A scorpion (D:4)
  2 killer bees (D:8)
  2 crimson imps (D:9)
  A centaur zombie (D:9)
  A bullfrog zombie (D:9)
  4 hounds
  2 orc priests (D:3)
  2 orc wizards
  A centaur skeleton (D:4)
  5 worker ants
  A hound zombie (D:8)
  A howler monkey zombie (D:7)
  7 adders
  3 shadow imps
  2 oozes (D:2)
  An adder zombie (D:5)
  6 worms
  3 dart slugs
  5 leopard geckos
  12 orcs
  15 bats
  7 giant cockroaches
  5 hobgoblins
  12 jackals (D:1)
  15 kobolds
  2 quokkas (D:3)
  12 frilled lizards
  7 goblins
  A jackal zombie (D:6)
  9 rats
173 creatures vanquished.

Vanquished Creatures (collateral kills)
  A kobold demonologist (D:9)
  2 yaks (D:7)
  A sky beast (D:9)
  2 orc warriors
  A black bear (D:6)
  2 ogres
  4 big kobolds (D:9)
  3 bullfrogs
  A scorpion (D:5)
  2 killer bees (D:8)
  A crimson imp (D:8)
  2 hounds
  Crazy Yiuf (D:3)
  2 orc wizards
  An iguana (D:7)
  Ijyb (D:5)
  A worker ant (D:9)
  A worker ant zombie (D:10)
  2 adders
  A shadow imp (D:9)
  A worm (D:5)
  4 orcs
  A giant cockroach (D:4)
  7 kobolds
  A quokka zombie (D:8)
  A bush (D:3)
47 creatures vanquished.

Vanquished Creatures (others)
  2 battlemagi
  An orc (D:7)
3 creatures vanquished.

Grand Total: 223 creatures vanquished

Notes
Turn   | Place    | Note
-------+----------+-------------------------------------------
     0 | D:1      | LLavrengius the Gargoyle Fighter began the quest for the
                  | Orb.
     0 | D:1      | Reached XP level 1. HP: 14/14 MP: 1/1
    58 | D:1      | Reached XP level 2. HP: 14/19 MP: 2/2
   369 | D:1      | Reached XP level 3. HP: 21/23 MP: 3/3
   735 | D:1      | Reached skill level 3 in Maces & Flails
  1382 | D:2      | Reached XP level 4. HP: 29/29 MP: 4/4
  1902 | D:3      | Reached XP level 5. HP: 33/33 MP: 5/5
  1952 | D:3      | Noticed Purgy
  1977 | D:3      | Killed Purgy
  1977 | D:3      | Reached skill level 4 in Maces & Flails
  2204 | D:3      | Reached XP level 6. HP: 27/39 MP: 6/6
  2569 | D:3      | Noticed Sigmund
  2584 | D:3      | Killed Sigmund
  2584 | D:3      | Reached skill level 5 in Fighting
  2584 | D:3      | Reached skill level 5 in Maces & Flails
  2584 | D:3      | Reached skill level 5 in Shields
  2584 | D:3      | Reached XP level 7. HP: 37/44 MP: 7/7
  2770 | D:3      | Found a faded altar of an unknown god.
  2775 | D:3      | Became a worshipper of Hepliaklqana the Forgotten
  2775 | D:3      | Reached * piety under Hepliaklqana
  3009 | D:3      | Found a runed door.
  3013 | D:3      | Noticed Crazy Yiuf
  3019 | D:3      | Killed Crazy Yiuf
  3232 | D:4      | Reached skill level 6 in Maces & Flails
  3343 | D:4      | Noticed Grinder
  3360 | D:4      | Paralysed by Grinder for 2 turns
  3374 | D:4      | Killed Grinder
  3374 | D:4      | Reached XP level 8. HP: 42/45 MP: 8/8
  3696 | D:5      | Entered Level 5 of the Dungeon
  3708 | D:5      | Found Nustunk's Gadget Boutique.
  3830 | D:5      | Reached ** piety under Hepliaklqana
  3838 | D:5      | Reached skill level 7 in Maces & Flails
  3917 | D:5      | Remembered your ancestor Si-Tayit as a battlemage
  4190 | D:5      | Noticed Ijyb
  4197 | D:5      | Killed Ijyb
  4560 | D:6      | Found a snail-covered altar of Cheibriados.
  4721 | D:6      | Reached skill level 8 in Maces & Flails
  4822 | D:6      | Reached XP level 9. HP: 27/50 MP: 9/9
  5166 | D:7      | Found a staircase to the Ecumenical Temple.
  5182 | D:7      | Reached skill level 9 in Maces & Flails
  5333 | D:7      | Noticed Pikel
  5360 | D:7      | Killed Pikel
  5487 | D:7      | Reached *** piety under Hepliaklqana
  5513 | D:7      | Reached skill level 10 in Maces & Flails
  5535 | D:7      | Found a hazy altar of Hepliaklqana.
  5535 | D:7      | Found a sparkling altar of Nemelex Xobeh.
  5545 | D:7      | Got a polished mace
  5546 | D:7      | Identified the +3 mace of Spite {freeze, rPois rC- MR++
                  | MP+9} (You found it on level 7 of the Dungeon)
  5600 | D:7      | Noticed Duvessa
  5600 | D:7      | Noticed Dowan
  5630 | D:7      | Killed Dowan
  5631 | D:7      | Killed Duvessa
  5743 | D:7      | Found a stormy altar of Qazlal.
  5747 | D:7      | Found a sacrificial altar of Ru.
  6245 | D:8      | Reached XP level 10. HP: 56/56 MP: 10/10
  6420 | D:8      | Found a runed gate.
  6420 | D:8      | Found a runed gate.
  6421 | D:8      | Found a runed gate.
  6423 | D:8      | Noticed Azzok's ghost (novice DsFi)
  6723 | D:8      | Found Pacokub's Assorted Antiques.
  6733 | D:8      | Reached **** piety under Hepliaklqana
  6736 | D:8      | Bought a slimy cloak for 247 gold pieces
  6746 | D:8      | Identified the +1 cloak of a volcano {rN++ Str-5 Int+5}
                  | (You bought it in a shop on level 8 of the Dungeon)
  7096 | D:9      | Found a white marble altar of Elyvilon.
  7130 | D:9      | Reached skill level 11 in Maces & Flails
  7356 | D:9      | Noticed a kobold demonologist
  7373 | D:9      | Killed a kobold demonologist
  7879 | D:10     | Entered Level 10 of the Dungeon
  7900 | D:10     | Reached skill level 12 in Maces & Flails
  7913 | D:10     | Killed from afar by an orc priest

Skill      XL: |  1  2  3  4  5  6  7  8  9 10 |
---------------+-------------------------------+-----
Maces & Flails | 3 4 5 6 8 10 12 | 12.0
Shields        | 4 5 6 8 9 |  9.9
Fighting       | 4 5 6 7 |  7.0
Armour         | |  3.2

Action                   |  1- 3 |  4- 6 |  7- 9 | 10-12 || total
-------------------------+-------+-------+-------+-------++-------
Melee: Flail             |   199 |   224 |   148 |       ||   571
       Club              |       |       |   197 |   193 ||   390
Throw: Stone             |       |       |     1 |       ||     1
Invok: Ancestor Identity |       |       |     1 |       ||     1
       Ancestor Life: Ba |       |       |     1 |       ||     1
  Use: Potion            |       |       |     1 |       ||     1
       Scroll            |       |       |     5 |     9 ||    14
 Stab: Distracted        |       |       |     2 |     2 ||     4
  Eat: Chunk             |     2 |     4 |    11 |     6 ||    23
Armor: Scale mail        |   136 |   158 |    64 |       ||   358
       Chain mail        |       |       |    64 |    70 ||   134
Dodge: Dodged            |    70 |    92 |    72 |    37 ||   271
Block: Shield            |   117 |   137 |   138 |    87 ||   479
